 Dungeon Crawl Stone Soup version 0.28-a0-1396-gdcb3f3653b (webtiles) character file.

Game seed: 12546690913967372169

1305 Deminshera the Sneak (level 8, -1/42 HPs)
             Began as a Vine Stalker Brigand on Jan 5, 2022.
             Was a Follower of Uskayaw.
             Slain by an orc wizard (4 damage)
             ... on level 6 of the Dungeon.
             The game lasted 00:06:34 (6628 turns).

Deminshera the Sneak (Vine Stalker Brigand)         Turns: 6628, Time: 00:06:35

Health: -1/42      AC:  8    Str: 14    XL:     8   Next: 57%
Magic:  0/9        EV: 12    Int: 11    God:    Uskayaw [*.....]
Gold:   319        SH:  0    Dex: 18    Spells: 7/7 levels left

rFire   . . .      SeeInvis +   u - +2 short sword (drain)
rCold   . . .      Faith    .   (no shield)
rNeg    . . .      Spirit   +   A - +2 leather armour {rPois}
rPois   +          Reflect  .   (no helmet)
rElec   .          Harm     .   c - +1 cloak
rCorr   .          Rampage  .   B - +0 pair of gloves
Will    +....                   (no boots)
Stlth   +++.......              (no amulet)
HPRegen 0.94/turn               x - ring of wizardry
MPRegen 0.11/turn               y - ring of see invisible

@: no status effects
A: fangs 3, regeneration 1, magic shield, antimagic bite, no potion heal 2
a: Renounce Religion, Stomp


You were on level 6 of the Dungeon.
You worshipped Uskayaw.
Uskayaw was noncommittal.
You visited 2 branches of the dungeon, and saw 7 of its levels.
You also visited: Ossuary.

You collected 319 gold pieces.

Inventory:

Hand Weapons
 a - a +2 dagger
 u - a +2 short sword of draining (weapon)
Missiles
 d - 8 poisoned darts (quivered)
 e - 2 curare-tipped darts
Armour
 c - a +1 cloak (worn)
 A - a +2 leather armour of poison resistance (worn)
 B - a +0 pair of gloves (worn)
Jewellery
 x - a ring of wizardry (left hand)
 y - a ring of see invisible (right hand)
Wands
 h - a wand of digging (6)
 j - a wand of acid (6)
 o - a wand of mindburst (13)
 w - a wand of polymorph (2)
Scrolls
 g - 2 scrolls of teleportation
 i - 3 scrolls of identify
 l - 3 scrolls of fog
 n - a scroll of immolation {unknown}
 v - a scroll of magic mapping {unknown}
Potions
 b - 3 potions of flight {unknown}
 f - 6 potions of curing
 k - 3 potions of heal wounds {unknown}
 m - 4 potions of degeneration {unknown}
 p - a potion of cancellation {unknown}
 q - 2 potions of lignification
 r - 2 potions of mutation {unknown}
 s - a potion of might {unknown}
 t - a potion of attraction {unknown}
 z - a potion of ambrosia {unknown}


   Skills:
 + Level 3.7 Fighting
 - Level 7.0 Short Blades
 - Level 2.0 Throwing
 - Level 2.0 Dodging
 - Level 7.0 Stealth
 - Level 3.0 Evocations


You had 7 spell levels left.
You didn't know any spells.
Your spell library contained the following spells:

 Spells                   Type           Power      Damage    Failure   Level
 Sting                    Tmut/Pois      0%         1d3       17%         1
 Corpse Rot               Necr/Air       0%         N/A       26%         2
 Poisonous Vapours        Pois/Air       0%         N/A       26%         2
 Olgreb's Toxic Radiance  Pois           0%         N/A       85%         4


Dungeon Overview and Level Annotations

Branches:
Dungeon (6/15)             Temple (1/1) D:5         Ossuary (visited)

Altars:
Ashenzari
Dithmenos
Gozag
Kikubaaqudgha
Okawaru
Qazlal
Uskayaw
Wu Jian
Zin
The Shining One

Shops:
D:2 *   D:6 !=[


Innate Abilities, Weirdness & Mutations

You have razor-sharp teeth.
Your natural rate of healing is unusually fast.
When hurt, damage is shared between your health and your magic reserves.
Your bite disrupts and absorbs the magic of your enemies.
Potions cannot restore your health.


Message History

HP restored.
You start resting.
Magic restored.
You start waiting.
Done waiting.
There is a stone staircase leading down here.
You climb downwards.
There is a stone staircase leading up here.
There is a stone staircase leading up here.
The orc wizard casts a spell at you.
You easily resist.
There are monsters nearby!
The orc warrior completely misses you.
You closely miss the orc warrior.
The orc wizard shouts!
The orc shouts!
Your bite misses the orc warrior.
The orc warrior hits you with a +0 glaive!
You barely miss the orc warrior. You hit the orc warrior.
You drain the orc warrior.
You bite the orc warrior, but do no damage.
The orc warrior is moderately wounded.
The orc warrior hits you with a +0 glaive.
The orc wizard misses you.
The orc warrior hits you from afar with a +0 glaive!
The orc wizard points at you and mumbles some strange words.
You are confused.
The orc misses you.
The orc warrior hits you from afar with a +0 glaive!
* * * LOW HITPOINT WARNING * * *
The orc wizard casts a spell.
The orc wizard flickers and vanishes for a moment.
You are too confused!
Your system rejects the healing.
You feel better. The orc closely misses you.
The orc warrior hits you from afar with a +0 glaive!
* * * LOW HITPOINT WARNING * * *
The orc wizard points at you and mumbles some strange words.
The puff of flame hits you.
* * * LOW HITPOINT WARNING * * *
The orc wizard hits you with a +0 dagger.
You die...

##....<....###..⌠.⌠.#.
#..(.........##8.8.8#.
#..........#.##..#....
#..........#..o...#...
###........###......#.
##...o..###..###..##
#..o........# #..#
##.oo.##.##..# #..##
#..@...####.## #...
.###.....# ##.####..##
.........###....###...
......................
...##..........#...###..
.. ##.......####..##...
. ##.....##..##..####..
#......##..###.## #.. .
#...##......#...# ##.


You could see an orc warrior (drained), 2 orc wizards and an orc.

Vanquished Creatures
  2 ogres (D:5)
  A centaur (D:5)
  2 phantoms
  6 water moccasin zombies
  A wyvern skeleton (D:5)
  A bullfrog zombie (D:5)
  A jelly (D:6)
  2 bullfrog skeletons
  2 iguanas
  2 orc wizards (D:5)
  A scorpion zombie (D:5)
  2 mummies (Ossuary)
  A howler monkey zombie (D:6)
  14 adders
  2 shadow imps (D:5)
  An ufetubus (D:6)
  6 adder zombies (Ossuary)
  A worm (D:2)
  A dart slug (D:5)
  7 orcs
  11 ball pythons
  5 bats
  5 endoplasms
  A giant cockroach (D:1)
  5 gnoll zombies (Ossuary)
  5 goblins
  3 hobgoblins
  4 jackals (D:1)
  3 frilled lizards
  4 hobgoblin zombies (Ossuary)
  A kobold (D:2)
  3 kobold zombies (Ossuary)
  7 orc zombies (Ossuary)
  3 rats
116 creatures vanquished.

Notes
Turn   | Place    | Note
-------+----------+-------------------------------------------
     0 | D:1      | Deminshera the Vine Stalker Brigand began the quest for the
                  | Orb.
     0 | D:1      | Reached XP level 1. HP: 11/11 MP: 2/2
   441 | D:1      | Reached skill level 1 in Dodging
   441 | D:1      | Reached XP level 2. HP: 15/15 MP: 3/3
   444 | D:1      | Reached skill level 5 in Stealth
   665 | D:1      | Found a faded altar of an unknown god.
  1089 | D:2      | Reached XP level 3. HP: 12/18 MP: 4/4
  1225 | D:2      | Found Qeiptiki's Assorted Antiques.
  1470 | D:2      | HP: 1/27 [adder (2)]
  2505 | D:2      | Gained mutation: Your natural rate of healing is unusually
                  | fast. [Vine Stalker growth]
  2505 | D:2      | Reached XP level 4. HP: 16/23 MP: 5/5
  3604 | D:3      | Reached XP level 5. HP: 26/28 MP: 6/6
  3968 | D:4      | Found a sand-covered staircase.
  3976 | Ossuary  | Entered an ossuary
  4029 | Ossuary  | Reached skill level 1 in Evocations
  4029 | Ossuary  | Reached XP level 6. HP: 30/32 MP: 7/7
  4194 | Ossuary  | Reached XP level 7. HP: 36/36 MP: 8/8
  4333 | D:4      | You fall into a shaft and drop 2 floors!
  4333 | D:6      | Found Zoreveutop's Distillery.
  4351 | D:5      | Entered Level 5 of the Dungeon
  4357 | D:5      | Reached skill level 5 in Short Blades
  4530 | D:5      | Found a glowing golden altar of the Shining One.
  5002 | D:5      | Found an iron altar of Okawaru.
  5272 | D:5      | Gained mutation: You have razor-sharp teeth. [Vine Stalker
                  | growth]
  5272 | D:5      | Reached XP level 8. HP: 40/40 MP: 9/9
  5316 | D:5      | Found a staircase to the Ecumenical Temple.
  5385 | Temple   | Entered the Ecumenical Temple
  5422 | Temple   | Became a worshipper of Uskayaw the Reveller
  5465 | D:5      | Reached * piety under Uskayaw
  5498 | D:5      | Reached ** piety under Uskayaw
  5993 | D:6      | Reached *** piety under Uskayaw
  6208 | D:6      | Found Iherikamom's Armour Shop.
  6261 | D:6      | Found Fevautam's Jewellery Boutique.
  6628 | D:6      | Slain by an orc wizard

Illustrated notes

Levels and vault maps discovered:
D:1:      elethiomel_arrival_quiet, layout_rooms,
          dreamdust_ecumenical_altar_statues
D:2:      layout_basic, serial_shops, nicolae_shop_hallway_stairs
D:3:      layout_loops_ring, kennysheep_pointless_box, minmay_snake_closets
D:4:      layout_loops_cross, nicolae_ossuary_entry_plus
D:5:      layout_basic, amcnicky_altar_gilded,
          mainiacjoe_overflow_cross_hatched, lemuel_temple_firewalk_b
D:6:      layout_cave_pools, marbit_many_paths, serial_shops, shop, shop,
          nicolae_shop_temple_entry_statues_fountains
Temple:   jpeg_temple_clearing

Skill      XL: |  1  2  3  4  5  6  7  8 |
---------------+-------------------------+-----
Dodging        | 1 2 |  2.0
Stealth        | 5 6 7 |  7.0
Fighting       | 2 3 |  3.7
Short Blades   | 2 3 4 5 7 |  7.0
Throwing       | 2 |  2.0
Evocations     | 1 2 3 |  3.0

Action                   |  1- 3 |  4- 6 |  7- 9 || total
-------------------------+-------+-------+-------++-------
Melee: Dagger            |    86 |   211 |    51 ||   348
       Bite              |    11 |    67 |    59 ||   137
       Unarmed           |     6 |       |       ||     6
       Short sword       |       |       |   118 ||   118
Throw: Dart              |       |     4 |       ||     4
  Use: Potion            |     3 |       |     1 ||     4
       Scroll            |       |     5 |       ||     5
 Stab: Sleeping          |     5 |    15 |     7 ||    27
       Paralysed         |       |       |     1 ||     1
Armor: Robe              |    20 |     8 |       ||    28
       Skin              |     6 |       |       ||     6
       Leather armour    |       |    49 |    36 ||    85
Dodge: Dodged            |    43 |    98 |    70 ||   211

Table legend: (Time is in decaauts)
 A = Elapsed time spent in this place.
 B = Non-inter-level travel time spent in this place.
 C = Inter-level travel time spent in this place.
 D = Time resting spent in this place.
 E = Time spent auto-exploring this place.
 F = Levels seen in this place.
 G = Mean time per level.
                   A        B        C        D        E       F      G
               +--------+--------+--------+--------+--------+-----+--------+
         Total |   6521 |   6184 |    337 |   1868 |   3294 |   8 |  815.1 |
       Dungeon |   6233 |   5911 |    322 |   1868 |   3199 |   6 | 1038.8 |
        Temple |     53 |     38 |     15 |      0 |     27 |   1 |   53.0 |
       Ossuary |    234 |    234 |      0 |      0 |     68 |   1 |  234.0 |
               +--------+--------+--------+--------+--------+-----+--------+

Top non-repeatable levels by time:
     D:2: 1904 daAuts
     D:5: 1452 daAuts
     D:1: 973 daAuts
     D:3: 873 daAuts
     D:4: 560 daAuts
     D:6: 469 daAuts
 Ossuary: 234 daAuts
  Temple: 53 daAuts
